 Dungeon Crawl Stone Soup version 0.19-a0-148-g706f639 (webtiles) character file.

1509 Ihatecarrots00 the Shield-Bearer (level 8, -2/70 HPs)
             Began as a Minotaur Berserker on May 18, 2016.
             Was an Elder of Trog.
             Slain by a sky beast (5 damage)
             ... on level 6 of the Dungeon.
             The game lasted 00:28:35 (5255 turns).

Ihatecarrots00 the Shield-Bearer (MiBe)             Turns: 5255, Time: 00:28:36

Health: -2/70      AC:  9    Str: 22    XL:     8   Next: 53%
Magic:  7/7        EV:  9    Int:  4    God:    Trog [****..]
Gold:   292        SH: 18    Dex: 12    Spells: 0 memorised, 7 levels left

rFire  . . .     SeeInvis .     a - +0 mace
rCold  . . .     Gourm    .     I - +1 scale mail
rNeg   . . .     Faith    .     o - +2 large shield
rPois  .         Spirit   .     (helmet restricted)
rElec  .         Dismiss  .     (no cloak)
rCorr  .         Reflect  .     f - +0 pair of gloves
SustAt .         Harm     .     (no boots)
MR     .....                    (no amulet)
Stlth  ..........               (no ring)
                                (no ring)

@: exhausted, slowed, very slow, not resistant to hostile enchantments,
extremely unstealthy
A: retaliatory headbutt, horns 2
a: Berserk, Trog's Hand, Brothers in Arms, Burn Spellbooks, Renounce Religion


You were on level 6 of the Dungeon.
You worshipped Trog.
Trog was greatly pleased with you.
You were not hungry.

You visited 1 branch of the dungeon, and saw 6 of its levels.

You collected 292 gold pieces.

Inventory:

Hand Weapons
 a - a +0 mace (weapon)
Missiles
 h - 173 stones (quivered)
 s - 13 poisoned needles
Armour
 b - a +0 animal skin
 f - a +0 pair of gloves (worn)
 n - a +0 ring mail
 o - a +2 large shield (worn)
 y - a +0 leather armour
 I - a +1 scale mail (worn)
 J - a +0 buckler
Jewellery
 g - a +5 ring of dexterity {unknown}
 l - an uncursed ring of sustain attributes {unknown}
 m - an uncursed amulet of the gourmand {unknown}
 K - a +4 ring of intelligence {unknown}
Scrolls
 i - 4 scrolls of identify
 k - 2 scrolls of teleportation
 p - 7 scrolls of remove curse
 L - a scroll of fear
Potions
 d - 4 potions of cancellation
 e - a potion of lignification
 j - 2 potions of flight
 r - a potion of berserk rage
 t - 4 potions of resistance {unknown}
 u - a potion of degeneration {unknown}
 v - a potion of brilliance {unknown}
 z - a potion of ambrosia {unknown}
 D - a potion of magic {unknown}
Comestibles
 c - a bread ration
 A - 3 meat rations
 B - a slice of pizza
 E - a royal jelly
 G - a beef jerky


   Skills:
 + Level 5.7 Fighting
 + Level 6.4 Maces & Flails
 + Level 5.6 Armour
 + Level 5.7 Dodging
 + Level 0.5 Stealth
 + Level 7.0 Shields


You had 7 spell levels left.
You didn't know any spells.

Dungeon Overview and Level Annotations

Branches:
Dungeon (6/15)
 Temple: D:4-7

Altars:
Yredelemnul

Shops:
D:6 !


Innate Abilities, Weirdness & Mutations

You reflexively headbutt those who attack you in melee.
You have a pair of horns on your head.


Message History

Something shocks you.
* * * LOW HITPOINT WARNING * * *
The phantom blinks!
Inscribe with what?
Okay, then.
Unknown command.
Read which item? (? for menu, Esc to quit)
Identify which item? (\ to view known items) (? for menu, Esc to quit)
As you read the scroll of identify, it crumbles to dust.
d - 4 potions of cancellation Something hits you but does no damage.
Read which item? (? for menu, Esc to quit)
Identify which item? (\ to view known items) (? for menu, Esc to quit)
As you read the scroll of identify, it crumbles to dust.
r - a potion of berserk rage Something hits you but does no damage.
Something hits you.
* * * LOW HITPOINT WARNING * * *
Something shocks you.
You die...

.................##.#*,,,,,,,,*
..(#............<.#.#*,,,,,,,,*
...#............###.#**********
.........#....W.....#****
.........#.....!.##.....#
)......(.#........#.....#
.........#........#.....#******
.........#......{.#.......,,,,*
)..........###..@.#...!....,,,*
.#.#####...................,,,*
##.#*.......[...##.#.......,,,*
.#.##...###.....#*.#,###,,,,,,*
.......,........#*..,***,,,,,,*
....#.,,........#**..,,,,,*****
....#**,........#,,../,,,,*
....####....####*,,,...,,,*****
...............**,,...........#


You could see a phantom.

Vanquished Creatures
  Eustachio (D:6)
  3 sky beasts
  An orc warrior (D:6)
  The ghost of ASUHDUDE the Chopper, an amateur MiBe of Trog (D:3)
  4 ogres
  A giant frog (D:6)
  A howler monkey (D:4)
  A crimson imp (D:6)
  2 hounds
  A jelly (D:5)
  3 orc wizards
  An iguana (D:4)
  4 worker ants (D:4)
  A killer bee zombie (D:3)
  2 adders
  A shadow imp (D:5)
  An ooze (D:1)
  5 worms
  A dart slug (D:4)
  6 giant geckos
  4 orcs
  10 giant cockroaches
  9 goblins
  4 hobgoblins
  7 jackals
  5 quokkas
  A ball python (D:2)
  7 bats
  4 giant newts
  A kobold (D:1)
  4 rats
97 creatures vanquished.

Notes
Turn   | Place    | Note
--------------------------------------------------------------
     0 | D:1      | Ihatecarrots00 the Minotaur Berserker began the quest for the Orb.
     0 | D:1      | Reached XP level 1. HP: 19/19 MP: 0/0
   148 | D:1      | Reached XP level 2. HP: 27/27 MP: 1/1
   452 | D:1      | Reached ** piety under Trog
   471 | D:1      | Reached XP level 3. HP: 30/34 MP: 2/2
  2205 | D:3      | Reached XP level 4. HP: 40/41 MP: 3/3
  2231 | D:3      | Noticed ASUHDUDE's ghost (amateur MiBe)
  2240 | D:3      | Killed ASUHDUDE's ghost
  2240 | D:3      | Reached skill level 5 in Maces & Flails
  2240 | D:3      | Reached skill level 1 in Shields
  2240 | D:3      | Reached XP level 5. HP: 37/47 MP: 4/4
  2771 | D:4      | Noticed an ogre
  2778 | D:4      | Killed an ogre
  2778 | D:4      | Reached skill level 5 in Fighting
  2778 | D:4      | Reached skill level 2 in Shields
  2872 | D:4      | Reached XP level 6. HP: 38/56 MP: 5/5
  2920 | D:4      | Found a basalt altar of Yredelemnul.
  2964 | D:4      | Reached *** piety under Trog
  3305 | D:4      | Reached skill level 3 in Shields
  3643 | D:4      | Reached XP level 7. HP: 22/61 MP: 6/6
  3888 | D:5      | Entered Level 5 of the Dungeon
  4229 | D:5      | Reached skill level 4 in Shields
  4881 | D:6      | Reached skill level 5 in Dodging
  4881 | D:6      | Reached skill level 5 in Shields
  4925 | D:6      | Reached skill level 5 in Armour
  4992 | D:6      | Reached XP level 8. HP: 65/68 MP: 7/7
  5016 | D:6      | Reached skill level 6 in Shields
  5065 | D:6      | Found Gaonn's Distillery.
  5113 | D:6      | Noticed Eustachio
  5124 | D:6      | Reached **** piety under Trog
  5181 | D:6      | Killed Eustachio
  5181 | D:6      | Reached skill level 7 in Shields
  5255 | D:6      | HP: 3/70 [something (3)]
  5255 | D:6      | Slain by a sky beast

Vault maps used:
D:1:      minmay_arrival_statue_studded, grunt_decor_arrowhead
D:3:      cheibriados_altar_1, first_bread, bloody_trog
D:4:      old_standard_altar
D:6:      serial_shops, nicolae_shop_window_shopping, uniq_eustachio

Skill      XL: |  1  2  3  4  5  6  7  8 |
---------------+-------------------------+-----
Maces & Flails | 4 5 6 |  6.4
Fighting       | 4 5 |  5.7
Armour         | 3 4 5 |  5.6
Dodging        | 3 4 5 |  5.7
Shields        | 1 2 3 5 7 |  7.0
Stealth        | |  0.5

Action                   |  1- 3 |  4- 6 |  7- 9 || total
-------------------------+-------+-------+-------++-------
Melee: Mace              |    99 |   106 |   192 ||   397
       Headbutt          |    10 |    22 |    30 ||    62
Invok: Berserk           |       |     2 |     5 ||     7
  Use: Scroll            |     6 |     1 |     8 ||    15
       Potion            |       |       |     4 ||     4
  Eat: Meat ration       |     1 |       |     1 ||     2
       Bread ration      |       |     2 |     1 ||     3
Armor: Animal skin       |    12 |       |       ||    12
       Ring mail         |    37 |    30 |     3 ||    70
       Scale mail        |       |       |   134 ||   134
       Skin              |       |       |    96 ||    96
Dodge: Dodged            |    54 |    20 |    85 ||   159
Block: Large shield      |    75 |   101 |   264 ||   440
